 Dungeon Crawl Stone Soup version 0.29.0-4-gdea44cf6ec (webtiles) character file.

Game seed: 4962954502553672894

141 qw the Sneak (level 5, -10/32 HPs)
             Began as a Gargoyle Delver on Sept 10, 2022.
             Mangled by an ice beast (14 damage)
             ... on level 4 of the Dungeon.
             The game lasted 00:00:11 (469 turns).

qw the Sneak (Gargoyle Delver)                       Turns: 469, Time: 00:00:11

Health: -10/32     AC:  7    Str: 18    XL:     5   Next: 24%
Magic:  5/5        EV: 11    Int: 10    God:
Gold:   6          SH:  0    Dex: 11    Spells: 4/4 levels left

rFire   . . .      SeeInvis .   a - +0 hand axe
rCold   . . .      Faith    .   (no shield)
rNeg    + . .      Spirit   .   b - +0 leather armour
rPois   inf        Reflect  .   (no helmet)
rElec   +          Harm     .   (no cloak)
rCorr   .          Rampage  .   (no gloves)
Will    .....                   (no boots)
Stlth   +++.......              (no amulet)
HPRegen 0.10/turn               (no ring)
MPRegen 0.09/turn               (no ring)

@: no status effects
A: sickness immunity, AC +4, negative energy resistance 1, electricity
resistance, torment resistance 1, petrification resistance
a: no special abilities


You were on level 4 of the Dungeon.
You visited 1 branch of the dungeon, and saw 2 of its levels.

You collected 6 gold pieces.


Innate Abilities, Weirdness & Mutations

You are immune to sickness and miasma.
Your stone body is resilient. (AC +4)
You are immune to poison.
You resist negative energy. (rN+)
You are resistant to electric shocks. (rElec)
You are resistant to unholy torment.
You are immune to petrification.


   Skills:
 - Level 3.2 Fighting
 + Level 4.8 Axes
 - Level 1.5 Dodging
 - Level 5.4 Stealth


You had 4 spell levels left.
You didn't know any spells.
Your spell library was empty.

Inventory:

Hand Weapons
 a - a +0 hand axe (weapon)
Armour
 b - a +0 leather armour (worn)
Wands
 g - a wand of digging (3)
Potions
 f - a potion of haste
 h - a potion of attraction {unknown}

Dungeon Overview and Level Annotations

Branches:
Dungeon (5/15)
 Temple: D:4-7

Altars:


Message History

The orc wizard hits you but does no damage.
You barely miss the orc wizard.
The orc wizard is severely wounded.
You hit the ice beast but do no damage. The ice beast misses you.
The orc wizard hits you but does no damage.
You hit the orc wizard.
The orc wizard is almost dead.
You hit the ice beast but do no damage. The ice beast barely misses you.
The orc wizard hits you but does no damage.
You barely miss the orc wizard.
The orc wizard is almost dead.
You closely miss the ice beast.
The ice beast hits you but does no damage.
The orc wizard closely misses you.
You barely miss the orc wizard.
The orc wizard is almost dead.
You hit the ice beast. The ice beast closely misses you.
The orc wizard points at you and mumbles some strange words.
The magic dart hits you.
You barely miss the orc wizard.
The orc wizard is almost dead.
You hit the ice beast but do no damage.
The ice beast hits you but does no damage.
The orc wizard closely misses you.
You barely miss the orc wizard. You punch the orc wizard.
You kill the orc wizard!
You hit the ice beast but do no damage. The ice beast closely misses you.
You barely miss the ice beast.
The ice beast is lightly wounded.
You hit the orc. The orc hits you with a +0 falchion.
The ice beast barely misses you.
You hit the ice beast but do no damage.
The ice beast is lightly wounded.
You hit the orc but do no damage. The orc barely misses you.
The ice beast hits you. The ice beast freezes you!
You die...

. .. ... .>..
..... ####
......#######..
......o@Y..##.#
#####.####.##.#
# #....#..# #
#..###.###....
#.....>...#
#..#.####.#
#.........#
#.#####.#.######
#.......#.#


You could see an ice beast and an orc.

Vanquished Creatures
  An ogre (D:5)
  A jelly (D:4)
  An orc wizard (D:4)
  A goblin (D:4)
  2 ball pythons (D:4)
6 creatures vanquished.

Vanquished Creatures (others)
  9 plants (D:5)
9 creatures vanquished.

Grand Total: 15 creatures vanquished

Notes
Turn   | Place    | Note
-------+----------+-------------------------------------------
     0 | D:5      | qw the Gargoyle Delver began the quest for the Orb.
     0 | D:5      | Reached XP level 1. HP: 14/14 MP: 1/1
     0 | D:5      | 0 ||| qw: Version: 0.1-a-116-g5d60599
     0 | D:5      | 0 ||| qw: Game counter: 7699
     0 | D:5      | 0 ||| qw: Always use a shield: true
     0 | D:5      | 0 ||| qw: God list: Okawaru
     0 | D:5      | 0 ||| qw: Allow faded altars: false
     0 | D:5      | 0 ||| qw: Do Orc after D:15 true
     0 | D:5      | 0 ||| qw: Do second Lair branch before Depths: true
     0 | D:5      | 0 ||| qw: Lair rune preference: random
     0 | D:5      | 0 ||| qw: Plans: Normal
     0 | D:5      | 0 ||| PLANNING D:1-11
    21 | D:5      | Noticed an ogre
    28 | D:5      | HP: 1/14 [ogre/+0 giant club (13)]
    33 | D:5      | Killed an ogre
    34 | D:5      | Reached XP level 2. HP: 1/19 MP: 2/2
    34 | D:5      | Reached XP level 3. HP: 2/23 MP: 3/3
    34 | D:5      | Reached XP level 4. HP: 2/28 MP: 4/4
   327 | D:5      | 327 ||| DROPPING scroll of fog.
   328 | D:5      | 328 ||| DROPPING scroll of magic mapping.
   329 | D:5      | 329 ||| DROPPING scroll of fear.
   359 | D:4      | 359 ||| Stepping ~*~*~tactically~*~*~ (stealth).
   361 | D:4      | 361 ||| Stepping ~*~*~tactically~*~*~ (stealth).
   407 | D:4      | 407 ||| Stepping ~*~*~tactically~*~*~ (hiding).
   420 | D:4      | 420 ||| Stepping ~*~*~tactically~*~*~ (stealth).
   427 | D:4      | 427 ||| Stepping ~*~*~tactically~*~*~ (stealth).
   430 | D:4      | Reached XP level 5. HP: 25/32 MP: 5/5
   430 | D:4      | Noticed an ice beast
   433 | D:4      | 433 ||| Stepping ~*~*~tactically~*~*~ (hiding).
   465 | D:4      | HP: 8/32 [orc wizard/magic dart (6)]
   469 | D:4      | Mangled by an ice beast

Levels and vault maps discovered:
D:4:      nicolae_cairo_tiling_very_big, layout_basic,
          minmay_temple_entry_crystal_x, uniq_pikel
D:5:      layout_loops_ring, led_sif_pool, dk_noncrumbling_2,
          guppyfry_early_lair_pool, uniq_crazy_yiuf_cottage

Skill      XL: |  1 |
---------------+----+-----
Axes           | 4 |  4.8
Fighting       | |  3.2
Dodging        | |  1.5
Stealth        | |  5.4

Action                   |  1- 3 |  4- 6 || total
-------------------------+-------+-------++-------
Melee: Hand axe          |     8 |    37 ||    45
       Punch             |       |     1 ||     1
Armor: Leather armour    |       |    14 ||    14
Dodge: Dodged            |     5 |    24 ||    29

Table legend:
 A = Non-vault XP
 B = Vault XP
 C = Vault XP percentage of total XP
 D = Non-vault monster count
 E = Vault monster count
 F = Vault count percentage of total count
                 A         B        C        D         E       F
            +---------+---------+-------+---------+---------+-------
      Total |     202 |       0 |   0.0 |       6 |       0 |   0.0
            +---------+---------+-------+---------+---------+-------
        D:4 |      81 |       0 |   0.0 |       5 |       0 |   0.0
        D:5 |     121 |       0 |   0.0 |       1 |       0 |   0.0
            +---------+---------+-------+---------+---------+-------
